 Dungeon Crawl Stone Soup version 0.29.1-12-g30fa7ad0bf (webtiles) character file.

Game seed: 4277459059637919796

6410 javelincjr the Cleaver (level 10, -1/91 HPs)
             Began as a Minotaur Berserker on Jan 14, 2023.
             Was a High Priest of Trog.
             Slain by a gnoll sergeant
             ... wielding a +0 trident
              (6 damage)
             ... on level 9 of the Dungeon.
             The game lasted 00:41:35 (10684 turns).

javelincjr the Cleaver (Minotaur Berserker)        Turns: 10684, Time: 00:41:37

Health: -1/91      AC: 11    Str: 28    XL:     10   Next: 66%
Magic:  9/9        EV: 13    Int:  4    God:    Trog [*****.]
Gold:   440        SH:  0    Dex: 11    Spells: 9/9 levels left

rFire   . . .      SeeInvis .   R - +8 Vampire's Tooth {vamp}
rCold   + . .      Faith    +   (no shield)
rNeg    . . .      Spirit   .   m - +0 ring mail of Fedhas's Delight {Drain +Inv Str+3}
rPois   .          Reflect  .   (helmet restricted)
rElec   .          Harm     .   Q - +0 cloak
rCorr   +          Rampage  .   J - +1 Delatra's gloves {ID++}
Will    .....                   r - +0 pair of boots
Stlth   ++........              o - amulet of faith
HPRegen 0.25/turn               e - ring of resist corrosion
MPRegen 0.11/turn               k - ring of protection from cold

@: lethally poisoned (-1 -> -6), on berserk cooldown, slowed, very slow
A: horns 2, retaliatory headbutt
a: Renounce Religion, Evoke Invisibility, Berserk, Trog's Hand, Brothers in Arms


You were on level 9 of the Dungeon.
You worshipped Trog.
Trog was extremely pleased with you.
You visited 2 branches of the dungeon, and saw 10 of its levels.
You also visited: Sewer and Ossuary.

You collected 669 gold pieces.
You spent 229 gold pieces at shops.

Inventory:

Hand Weapons
 x - a +0 war axe
 B - a +2 dagger of venom
 C - a +1 broad axe
 F - a +0 flail of protection
 G - a +3 spear of freezing
 I - a +0 dagger of holy wrath
 N - a +0 hand axe of venom
 P - a +2 rapier of venom
 R - the +8 Vampire's Tooth (weapon) {vamp}
   (Trog gifted it to you on level 6 of the Dungeon)

   It occasionally heals its wielder for the full amount of damage dealt when it
   wounds a living foe.
 S - a +1 vampiric spear
 T - the +1 sling "Beast's Death Toll" {venom, Fly rC- Int+5 SInv}
   (You found it on level 6 of the Dungeon)

   Any ammunition fired from it poisons the flesh of those it strikes.
   Int:       It affects your intelligence (+5).
   rC:        It makes you vulnerable to cold.
   SInv:      It lets you see invisible.
   Fly:       It grants you flight.
 W - a +3 dagger of protection
 X - a +2 hand axe of venom
Missiles
 b - 4 datura-tipped darts
 h - 11 boomerangs (quivered)
 p - 21 poisoned darts
 s - 3 throwing nets
Armour
 l - a +3 leather armour
 m - the +0 ring mail of Fedhas's Delight (worn) {Drain +Inv Str+3}
   (You bought it in a shop on level 9 of the Dungeon)

   Str:       It affects your strength (+3).
   +Inv:      It lets you turn invisible.
   Drain:     It drains your maximum health when unequipped.
 r - a +0 pair of boots (worn)
 J - the +1 Delatra's gloves (worn) {ID++}
   (You found it on level 4 of the Dungeon)

   It heals its wearer when they drink unknown potions.
   It restores its wearer's MP when they read unknown scrolls.
 Q - a +0 cloak (worn)
 V - the +1 ring mail "Zopah" {Will+ Int-5 Dex+2}
   (You took it off a gnoll sergeant on level 9 of the Dungeon)

   Int:       It affects your intelligence (-5).
   Dex:       It affects your dexterity (+2).
   Will:      It increases your willpower.
Jewellery
 c - an amulet of guardian spirit
 e - a ring of resist corrosion (left hand)
 k - a ring of protection from cold (right hand)
 o - an amulet of faith (around neck)
 K - a ring of magical power
 O - a ring of protection from cold
Wands
 f - a wand of acid (24)
Scrolls
 a - a scroll of poison
 i - 11 scrolls of identify
 u - 5 scrolls of fear
 y - 4 scrolls of fog
 D - a scroll of silence
 H - 7 scrolls of teleportation
Potions
 d - a potion of resistance {unknown}
 g - 5 potions of haste
 j - a potion of cancellation
 n - a potion of brilliance {unknown}
 q - 4 potions of flight
 t - 4 potions of mutation {unknown}
 v - 2 potions of might {unknown}
 w - a potion of berserk rage {unknown}
 z - a potion of invisibility {unknown}
 A - 4 potions of heal wounds {unknown}
 E - a potion of attraction {unknown}
 M - 5 potions of curing


   Skills:
 + Level 9.2 Fighting
 + Level 2.9 Short Blades
 + Level 12.6(13.0) Axes
 + Level 5.0(9.6) Polearms
 + Level 1.1 Throwing
 + Level 5.5 Armour
 + Level 7.1 Dodging
 + Level 4.4 Stealth


You had 9 spell levels left.
You didn't know any spells.
Your spell library was empty.

Dungeon Overview and Level Annotations

Branches:
Dungeon (9/15)             Temple (1/1) D:7            Lair (0/5) D:9
    Orc (0/2) D:9           Sewer (visited)         Ossuary (visited)

Altars:
Ashenzari
Cheibriados
Dithmenos
Elyvilon
Fedhas
Gozag
Hepliaklqana
Kikubaaqudgha
Makhleb
Nemelex Xobeh
Okawaru
Qazlal
Ru
Sif Muna
Trog
Uskayaw
Vehumet
Wu Jian
Xom
Yredelemnul
Zin
The Shining One

Shops:
D:1 [   D:2 ?   D:9 [


Innate Abilities, Weirdness & Mutations

You have a pair of horns on your head.
You reflexively headbutt those who attack you in melee.


Message History

You puncture the cyan ugly thing!
The cyan ugly thing is almost dead.
The cyan ugly thing kicks you!
* * * LOW HITPOINT WARNING * * *
The cyan ugly thing shocks you!
* * * LOW HITPOINT WARNING * * *
You are too berserk!
You puncture the cyan ugly thing!
You feel better.
You kill the cyan ugly thing!
Trog accepts your kill.
Your life force feels restored.
You feel a strong urge to attack something.
You are no longer berserk.
You are exhausted.
You feel yourself slow down.
You barely miss the yak. You headbutt the yak.
The yak is lightly wounded.
The yak gores you.
* * * LOW HITPOINT WARNING * * *
You hit the yak.
You feel better.
The yak is moderately wounded.
You hit the yak.
The yak is moderately wounded.
The yak gores you but does no damage.
The kobold brigand throws a poisoned dart.
The poisoned dart hits you!
You are poisoned.
You puncture the yak! You headbutt the yak.
The yak is severely wounded.
You feel sick. The yak misses you. You furiously retaliate!
You headbutt the yak!
The gnoll sergeant hits you from afar with a +0 trident.
* * * LOW HITPOINT WARNING * * *
You closely miss the yak.
The yak is almost dead.
* * * LOW HITPOINT WARNING * * *
You feel sick. The yak barely misses you. You furiously retaliate!
You headbutt the yak!
The gnoll sergeant hits you from afar with a +0 trident.
You die...

### ####...# #.... ##..#
#.... ### ####...# #....
#.## .. ##.#..#.# #....
...# #. #....##.# #####
#.## ##. ##.####.# #..##
###.. ##..# #.# ##..##
...⌠ ##..#####.#
##..####.K
####@........#
##..#.##.##.#YK#.#######
##....#.'..g....#
###.##$##....###
#..###...### ##..#..###
##...## #####


You could see a yak, a kobold brigand and a gnoll sergeant.

Vanquished Creatures
  A two-headed ogre (D:6)
  An ugly thing (D:9)
  A troll (D:9)
  2 wyverns
  3 water moccasins
  5 orc warriors
  A swamp drake (D:9)
  A black bear (D:5)
  2 ogres
  A sky beast (D:8)
  2 centaurs
  A phantom (D:7)
  2 kobold brigands
  2 elf zombies (Ossuary)
  3 bullfrogs
  A necrophage (D:8)
  2 gnoll sergeants
  3 scorpions (D:6)
  14 killer bees
  2 howler monkeys
  2 centaur zombies (Ossuary)
  2 human zombies (Ossuary)
  4 gnoll boudas
  5 jellies
  4 hounds
  7 orc priests
  2 iguanas
  Natasha (thrice) (D:3)
  15 orc wizards
  Ijyb (D:4)
  2 mummies (Ossuary)
  28 gnolls
  19 adders
  A river rat (Sewer)
  2 shadow imps
  3 white imps
  2 adder zombies (Ossuary)
  2 worms (D:4)
  77 orcs
  11 ball pythons
  4 bats
  7 endoplasms
  4 goblins
  8 hobgoblins
  20 jackals
  7 quokkas
  7 frilled lizards
  4 hobgoblin zombies (Ossuary)
  2 jackal zombies (Ossuary)
  10 kobolds
  13 kobold zombies (Ossuary)
  8 orc zombies (Ossuary)
  10 rats
  2 rat zombies (Ossuary)
348 creatures vanquished.

Vanquished Creatures (others)
  A wizard (D:5)
  A fungus (D:4)
  21 plants
23 creatures vanquished.

Grand Total: 371 creatures vanquished

Notes
Turn   | Place    | Note
-------+----------+-------------------------------------------
     0 | D:1      | javelincjr the Minotaur Berserker began the quest for the
                  | Orb.
     0 | D:1      | Reached XP level 1. HP: 19/19 MP: 0/0
   203 | D:1      | Found Voat's Antique Armour Shop.
   326 | D:1      | Reached skill level 4 in Axes
   329 | D:1      | Reached XP level 2. HP: 27/27 MP: 1/1
  1412 | D:2      | Reached XP level 3. HP: 33/33 MP: 2/2
  1644 | D:2      | Found Pexytel's Magic Scroll Emporium.
  1652 | D:2      | Bought a scroll of identify for 24 gold pieces
  2001 | D:3      | Found a faded altar of an unknown god.
  2006 | D:3      | Noticed Natasha
  2013 | D:3      | Killed Natasha
  2014 | D:3      | Reached XP level 4. HP: 40/41 MP: 3/3
  2018 | D:3      | Reached ** piety under Trog
  2412 | D:3      | Noticed Natasha
  2418 | D:3      | Killed Natasha
  2419 | D:3      | Reached skill level 5 in Axes
  2470 | D:3      | Noticed Natasha
  2478 | D:3      | Killed Natasha
  2479 | D:3      | Reached skill level 1 in Stealth
  2552 | D:4      | Reached XP level 5. HP: 47/47 MP: 4/4
  2575 | D:4      | Reached skill level 1 in Throwing
  2581 | D:4      | Found a glowing drain.
  2590 | Sewer    | Entered a sewer
  2615 | Sewer    | Reached skill level 5 in Fighting
  2619 | Sewer    | Reached XP level 6. HP: 37/56 MP: 5/5
  2942 | Sewer    | Reached *** piety under Trog
  3662 | D:4      | Reached skill level 6 in Axes
  3758 | D:4      | Noticed Ijyb
  3761 | D:4      | Paralysed by Ijyb for 4 turns
  3769 | D:4      | Killed Ijyb
  4015 | D:4      | Reached XP level 7. HP: 51/62 MP: 6/6
  4149 | D:4      | Reached **** piety under Trog
  4207 | D:4      | Reached skill level 7 in Axes
  4794 | D:4      | Reached skill level 8 in Axes
  4794 | D:4      | Reached XP level 8. HP: 48/71 MP: 7/7
  4809 | D:4      | Reached skill level 1 in Polearms
  4811 | D:4      | Reached ***** piety under Trog
  4818 | D:4      | Found the +1 Delatra's gloves {ID++}
  5035 | D:4      | Found a stormy altar of Qazlal.
  5150 | D:5      | Entered Level 5 of the Dungeon
  6088 | D:5      | Found a bloodstained altar of Trog.
  6128 | D:5      | Noticed a wizard
  6131 | D:5      | Killed a wizard
  6208 | D:6      | Reached skill level 9 in Axes
  6326 | D:6      | Found an iron altar of Okawaru.
  6464 | D:6      | Noticed a two-headed ogre
  6467 | D:6      | Received a gift from Trog
  6467 | D:6      | Found the +8 Vampire's Tooth {vamp}
  6470 | D:6      | Reached XP level 9. HP: 64/79 MP: 8/8
  6476 | D:6      | Killed a two-headed ogre
  6477 | D:6      | Reached skill level 10 in Axes
  6477 | D:6      | Reached skill level 5 in Dodging
  6505 | D:6      | Found a sand-covered staircase.
  6536 | Ossuary  | Entered an ossuary
  6968 | Ossuary  | Reached skill level 1 in Short Blades
  7333 | D:6      | Reached skill level 11 in Axes
  7393 | D:6      | Received a gift from Trog
  7618 | D:6      | Identified the +1 sling "Beast's Death Toll" {venom, Fly
                  | rC- Int+5 SInv}
  7873 | D:7      | Found a glowing golden altar of the Shining One.
  7914 | D:7      | Found a staircase to the Ecumenical Temple.
  7924 | Temple   | Entered the Ecumenical Temple
  8110 | D:7      | Reached XP level 10. HP: 81/88 MP: 9/9
  8591 | D:8      | Reached skill level 5 in Polearms
  8723 | D:8      | Found a radiant altar of Vehumet.
  8833 | D:8      | Found a broken altar of Ashenzari.
  9051 | D:8      | Reached skill level 5 in Armour
  9308 | D:9      | Identified the +1 ring mail "Zopah" {Will+ Int-5 Dex+2}
  9334 | D:9      | Reached skill level 12 in Axes
  9638 | D:9      | Lost intelligence.
  9690 | D:9      | Found a staircase to the Lair.
  9742 | D:9      | Found a staircase to the Orcish Mines.
 10188 | D:9      | Found Xigual's Armour Emporium.
 10204 | D:9      | Bought the +0 ring mail of Fedhas's Delight {Drain +Inv
                  | Str+3} for 205 gold pieces
 10660 | D:9      | Noticed a cyan ugly thing
 10675 | D:9      | Killed a cyan ugly thing
 10684 | D:9      | Slain by a gnoll sergeant

Illustrated notes

Levels and vault maps discovered:
D:1:      dpeg_arrival_simpleton_a, layout_loops_ring, serial_shops, shop,
          hangedman_abyss_or_decor_lesser_grid
D:2:      layout_loops_corners, serial_shops, nicolae_square_shop,
          grunt_decor_mini_mirrors
D:3:      layout_rooms, hellmonk_ecumenical_altar_arch_garden,
          kennysheep_generic_room_16, uniq_natasha
D:4:      lemuel_castle_with_subvaults [lemuel_castle_interior_carwin_1],
          layout_rooms, lemuel_doored_altar, lightli_sewer_entry_pipes,
          pf_guarded_unrand_delatra, uniq_ijyb
D:5:      black_bear_nest_1, layout_gridville, trog_wizard
D:6:      layout_gridville, okawaru_trees_1, nicolae_ossuary_entry_monument
D:7:      layout_basic, tso_oasis_becter, minmay_temple_entry_waves,
          serial_bayou_pond_a, nicolae_figureground_pulse
D:8:      layout_loops_cross, mainiacjoe_overflow_catch_the_wave
D:9:      layout_rooms, dpeg_oklobed_lair, erik_orc_1, serial_shops, shop,
          minmay_fractal_squares_gapless_7
Temple:   nicolae_temple_x_marks_the_god

Skill      XL: |  1  2  3  4  5  6  7  8  9 10 |
---------------+-------------------------------+-----
Axes           | 4 5 6 8 9 11 12 | 12.6
Fighting       | 4 5 6 7 8 9 |  9.2
Stealth        | 1 2 3 4 |  4.4
Throwing       | 1 |  1.1
Dodging        | 3 4 6 7 |  7.1
Armour         | 3 4 5 |  5.5
Polearms       | 4 5 |  5.0
Short Blades   | 2 |  2.9

Action                   |  1- 3 |  4- 6 |  7- 9 | 10-12 || total
-------------------------+-------+-------+-------+-------++-------
Melee: Hand axe          |    51 |    27 |    67 |       ||   145
       Headbutt          |     7 |    27 |    87 |    21 ||   142
       War axe           |       |   176 |    80 |    49 ||   305
       Punch             |       |     2 |     2 |       ||     4
       Spear             |       |       |   139 |       ||   139
       Dagger            |       |       |   123 |       ||   123
       Quick blade       |       |       |    12 |     7 ||    19
       Broad axe         |       |       |       |    68 ||    68
Throw: Boomerang         |     9 |       |       |       ||     9
Invok: Berserk           |     1 |     3 |     8 |     4 ||    16
  Use: Scroll            |     8 |       |       |     8 ||    16
 Stab: Sleeping          |     2 |     1 |     2 |     3 ||     8
       Distracted        |       |       |     1 |       ||     1
Armor: Animal skin       |    23 |     4 |       |       ||    27
       Leather armour    |       |    67 |   182 |    41 ||   290
       Ring mail         |       |       |       |    11 ||    11
Dodge: Dodged            |    22 |   132 |   227 |    81 ||   462
